 Dungeon Crawl Stone Soup version 0.20-a0-854-g0cc194a (webtiles) character file.

28052 Gorice the Fighter (level 13, -36/87 HPs)
             Began as a Kobold Enchanter on Mar 11, 2017.
             Was a High Priest of Wu Jian.
             Shot with a bolt by a yaktaur captain (37 damage)
             ... on level 11 of the Dungeon.
             The game lasted 01:48:19 (19575 turns).

Gorice the Fighter (Kobold Enchanter)              Turns: 19575, Time: 01:48:26

Health: -36/87     AC:  9    Str:  9    XL:     13   Next: 70%
Magic:  18/34      EV: 26    Int: 21    God:    Wu Jian [*****.]
Gold:   523        SH:  0    Dex: 17    Spells: 15/28 levels left

rFire    . . .     SeeInvis .   a - +3 dagger (vamp)
rCold    . . .     Gourm    .   K - +2 robe {rN+}
rNeg     + . .     Faith    .   (shield restricted)
rPois    .         Spirit   .   n - +0 hat {Int+3}
rElec    .         Reflect  .   E - +1 cloak of the Storm King {Regen+ Dex+2}
rCorr    .         Harm     .   (no gloves)
MR       .....                  r - +2 pair of boots of the Assassin {Detection Stab+ Stlth++}
Stlth    +++++.....             s - amulet of rage
Regen    0.7/turn               H - ring of magical power
MPRegen  0.3/turn               G - +3 ring of evasion

@: lethally poisoned (-36 -> -57)
A: carnivore 3
a: Serpent's Lash, Heaven On Earth, Renounce Religion, Evoke Berserk Rage


You were on level 11 of the Dungeon.
You worshipped Wu Jian.
Wu Jian was extremely pleased with you.
You were completely stuffed.

You visited 3 branches of the dungeon, and saw 18 of its levels.

You collected 988 gold pieces.
You spent 465 gold pieces at shops.

Inventory:

Hand Weapons
 a - a +3 vampiric dagger (weapon)
   (You took it off an orc wizard on level 9 of the Dungeon)
 b - a +0 scimitar of flaming
   (You found it on level 6 of the Dungeon)
 v - a +1 dagger of venom
   (You took it off a kobold on level 8 of the Dungeon)
 B - a +0 blowgun
Missiles
 F - 10 curare-tipped needles
 S - 7 tomahawks (quivered)
Armour
 e - a +0 pair of boots of flying
   (You found it on level 1 of the Lair of Beasts)
 n - a +0 hat of intelligence (worn)
   (You took it off Gastronok on level 9 of the Dungeon)
 q - a cursed +0 ring mail
 r - the +2 pair of boots of the Assassin (worn) {Detection Stab+ Stlth++}
   (You found it on level 4 of the Dungeon)

   It makes you much more stealthy.
 E - the +1 cloak of the Storm King (worn) {Regen+ Dex+2}
   (You found it on level 4 of the Lair of Beasts)

   It affects your dexterity (+2).
   It increases your rate of regeneration.
 K - a +2 robe of positive energy (worn)
   (You took it off Sigmund on level 6 of the Dungeon)
Jewellery
 s - an amulet of rage (around neck)
 G - a +3 ring of evasion (left hand)
 H - a ring of magical power (right hand)
Wands
 c - a wand of digging (8/24)
 f - a wand of paralysis (7/24)
 o - a wand of clouds (6/9)
 y - a wand of acid (2/15)
 V - a wand of scattershot (5/9)
Scrolls
 h - 6 scrolls of remove curse
 i - a scroll of magic mapping {!r}
 D - 4 scrolls of teleportation {!r}
 M - a scroll of fear {!r}
 W - a scroll of fog
 X - a scroll of identify
Potions
 d - a potion of cancellation {!q}
 g - a potion of ambrosia
 k - 3 potions of heal wounds {!q}
 l - 6 potions of curing
 m - 2 potions of agility {!q}
 p - 4 potions of brilliance {!q}
 C - 3 potions of might {!q}
 N - a potion of haste {!q}
Miscellaneous
 J - a box of beasts
Comestibles
 j - 6 chunks of flesh
 U - 15 royal jellies


   Skills:
 + Level 12.8 Fighting
 - Level 10.0 Short Blades
 + Level 3.5 Armour
 + Level 11.1 Dodging
 - Level 4.0 Stealth
 - Level 8.2 Spellcasting
 - Level 11.0 Hexes
 - Level 5.0 Ice Magic


You had 15 spell levels left.
You knew the following spells:

 Your Spells              Type           Power        Failure   Level  Hunger
a - Corona                Hex            ######.      1%          1    None
b - Ensorcelled Hibernat  Hex/Ice        #####.       1%          2    None
c - Confuse               Hex            ######..     1%          3    None
d - Tukima's Dance        Hex            ######..     1%          3    None
e - Dazzling Spray        Conj/Hex       ####..       2%          3    None
A - Apportation           Tloc           #.....       10%         1    None


Dungeon Overview and Level Annotations

Branches:
Dungeon (11/15)            Temple (1/1) D:5            Lair (6/6) D:8
 Shoals (0/4) Lair:3        Snake (0/4) Lair:2
  Slime: Lair:5-6       Orc: D:9-12

Altars:
Ashenzari
Cheibriados
Dithmenos
Elyvilon
Fedhas
Gozag
Hepliaklqana
Kikubaaqudgha
Makhleb
Nemelex Xobeh
Okawaru
Qazlal
Ru
Sif Muna
Trog
Uskayaw
Vehumet
Wu Jian
Xom
Yredelemnul
Zin
The Shining One

Shops:
D:7 !

Annotations:
Lair:1 vpUX: Oklobs guarding loot, exclusion: 2 oklob plants
Lair:6 UX!!!!!!!!!!!!!!!!!!!!!!!!!!!!!!!!!, Kirke


Innate Abilities, Weirdness & Mutations

You are small and have problems with some larger weapons.
You are carnivorous and can eat meat at any time.


Message History

The yaktaur captain is severely wounded.
You feel sick.
You hit the yaktaur captain but do no damage.
The yaktaur captain is severely wounded.
The yaktaur captain completely misses you.
You hit the yaktaur captain but do no damage.
The yaktaur captain is severely wounded.
You feel sick.
Damage: 1 (max 20)
You hit the yaktaur captain but do no damage.
The yaktaur captain is severely wounded.
You feel sick.
The yaktaur captain completely misses you.
You barely miss the yaktaur captain.
The yaktaur captain is severely wounded.
You feel sick.
Damage: 1 (max 20)
You hit the yaktaur captain.
You feel better.
The yaktaur captain is severely wounded.
You feel sick. The yaktaur captain closely misses you.
Casting: Confuse
Confirm with . or Enter, or press ? or * to list all spells.
Aiming: Confuse
Press: ? - help, Shift-Dir - straight line, f/p - yaktaur captain
Aim: a yaktaur captain, wielding a translucent short sword {venom} and wearing a jade ring (severely wounded, chance to defeat MR: 38%)
The yaktaur captain resists with some effort.
You feel sick.
The yaktaur captain hits you with an uncursed translucent short sword {venom}!!
* * * LOW HITPOINT WARNING * * *
You are more poisoned.
Damage: 21 (max 21) Unknown command.
You hit the yaktaur captain but do no damage.
The yaktaur captain is severely wounded.
You feel sick.
Damage: 1 (max 21)
You hit the yaktaur captain.
The yaktaur captain is severely wounded.
You feel sick.
The yaktaur captain hits you with an uncursed translucent short sword {venom}!!
* * * LOW HITPOINT WARNING * * *
Damage: 24 (max 24) Unknown command.
* * * LOW HITPOINT WARNING * * *
You feel very sick.
The yaktaur captain unwields an uncursed translucent short sword {venom}.
It stops dripping with poison.
The yaktaur captain wields an uncursed triple crossbow of freezing.
It is covered in frost.
The yaktaur captain shoots a bolt.
The bolt hits you!!!
You die...

+#### .# .....#####.#
#................# #.....
..........# #.....
..........####+# ....###
#..........#=# #
...#.[F#8.........###
#.###..#}HOc†...<......?.
#......#:Dh#8@...........
#......#####).....##.....
#.........)÷......(#####.
#..........)...........+
#..###+###......†......#+
#. #............... #.
#......#####..## .
#......#...#..#
#......'...+ .#


You could see a yaktaur captain, a two-headed ogre, a manticore and a bullfrog.

Vanquished Creatures
  Gastronok (D:9)
  Nessos (Lair:4)
  Snorg (D:10)
  A hydra (Lair:3)
  2 two-headed ogres
  Urug (Lair:2)
  A lindwurm (shapeshifter) (D:11)
  An elephant (Lair:3)
  5 black mambas
  3 merfolk sirens (Lair:3)
  A guardian serpent (Lair:2)
  2 spiny frogs
  2 rime drakes (Lair:3)
  4 komodo dragons
  A merfolk (Lair:3)
  A polar bear (Lair:4)
  3 hornets
  Prince Ribbit (D:7)
  7 hippogriffs
  3 spriggans (Lair:3)
  28 yaks
  Sigmund (D:6)
  Grum (D:9)
  A hog (Lair:6)
  2 basilisks
  Menkaure (D:5)
  A soldier ant (D:10)
  10 water moccasins
  11 porcupines
  2 ice beasts (D:7)
  5 orc warriors
  2 black bears
  7 ogres
  A phantom (D:5)
  7 centaurs
  4 wolves (D:9)
  An eye of draining (D:10)
  11 crocodiles
  A big kobold (D:8)
  10 bullfrogs
  4 scorpions
  9 killer bees
  5 wights
  4 howler monkeys
  2 crimson imps (D:5)
  A centaur zombie (D:8)
  10 hounds
  2 jellies
  4 orc priests
  A centaur skeleton (D:7)
  11 orc wizards
  6 iguanas
  6 worker ants
  A hound zombie (D:9)
  2 hound skeletons (D:11)
  3 gnolls (D:5)
  A howler monkey skeleton (D:5)
  8 adders
  2 shadow imps
  An ooze (D:2)
  3 adder zombies
  2 worms
  2 dart slugs
  A leopard gecko (D:8)
  27 orcs
  A ball python (D:1)
  5 giant cockroaches
  10 goblins
  6 hobgoblins
  11 jackals
  12 kobolds
  5 quokkas
  12 bats
  2 frilled lizards
  A leopard gecko skeleton (D:5)
  A quokka skeleton (D:6)
  A quokka zombie (D:8)
  6 rats
340 creatures vanquished.

Vanquished Creatures (collateral kills)
  An orc warrior (D:6)
1 creature vanquished.

Vanquished Creatures (others)
  43 fungi
  29 plants
72 creatures vanquished.

Grand Total: 413 creatures vanquished

Notes
Turn   | Place    | Note
-------+----------+-------------------------------------------
     0 | D:1      | Gorice the Kobold Enchanter began the quest for the Orb.
     0 | D:1      | Reached XP level 1. HP: 10/10 MP: 3/3
   114 | D:1      | Reached skill level 2 in Short Blades
   274 | D:1      | Reached XP level 2. HP: 15/15 MP: 3/5
   278 | D:1      | Learned a level 2 spell: Ensorcelled Hibernation
   790 | D:1      | Reached skill level 3 in Short Blades
   842 | D:1      | Reached XP level 3. HP: 11/19 MP: 4/6
  1497 | D:2      | Reached skill level 4 in Short Blades
  1629 | D:2      | Reached XP level 4. HP: 23/24 MP: 1/7
  1853 | D:2      | Found a hide-covered altar of Uskayaw.
  2519 | D:3      | Noticed a black bear
  2580 | D:3      | Killed a black bear
  2580 | D:3      | Reached skill level 5 in Short Blades
  2580 | D:3      | Reached skill level 4 in Hexes
  2580 | D:3      | Reached XP level 5. HP: 18/28 MP: 1/8
  2900 | D:3      | Reached skill level 6 in Short Blades
  2900 | D:3      | Reached XP level 6. HP: 32/32 MP: 6/9
  3312 | D:3      | Learned a level 3 spell: Confuse
  3316 | D:3      | Learned a level 3 spell: Tukima's Dance
  3438 | D:4      | Noticed a phantom
  3705 | D:4      | Reached skill level 7 in Short Blades
  3718 | D:4      | HP: 9/32 [poisoned by a worker ant]
  3726 | D:4      | HP: 8/32 [poisoned by a worker ant]
  4204 | D:4      | Found a sparkling altar of Nemelex Xobeh.
  4331 | D:4      | Reached XP level 7. HP: 36/36 MP: 1/10
  4467 | D:5      | Entered Level 5 of the Dungeon
  4516 | D:4      | --boots of the assasin - handy!
  4755 | D:5      | Reached skill level 8 in Short Blades
  4755 | D:5      | Reached skill level 5 in Hexes
  4794 | D:5      | Found a staircase to the Ecumenical Temple.
  4800 | Temple   | Entered the Ecumenical Temple
  4966 | Temple   | Became a worshipper of the Wu Jian Council
  5006 | D:5      | Found a shattered altar of Ashenzari.
  5154 | D:5      | Found a white marble altar of Elyvilon.
  5157 | D:5      | Found a sacrificial altar of Ru.
  5549 | D:5      | Noticed Menkaure
  5551 | D:5      | Killed Menkaure
  5588 | D:5      | Reached XP level 8. HP: 41/41 MP: 4/11
  5787 | D:6      | Found a basalt altar of Yredelemnul.
  5809 | D:6      | Reached skill level 9 in Short Blades
  5809 | D:6      | Reached skill level 6 in Hexes
  6495 | D:6      | Reached * piety under Wu Jian
  6673 | D:6      | Noticed Sigmund
  6703 | D:6      | Killed Sigmund
  6703 | D:6      | Reached skill level 10 in Short Blades
  6703 | D:6      | Reached skill level 7 in Hexes
  6924 | D:6      | Reached skill level 1 in Fighting
  6924 | D:6      | Reached XP level 9. HP: 47/47 MP: 5/12
  7204 | D:6      | Reached skill level 2 in Fighting
  7286 | D:6      | Reached skill level 8 in Hexes
  7923 | D:7      | Noticed Prince Ribbit
  7927 | D:7      | Killed Prince Ribbit
  7927 | D:7      | Reached skill level 3 in Fighting
  7982 | D:7      | Noticed a two-headed ogre
  8140 | D:7      | Found Ethryla's Distillery.
  8152 | D:7      | Bought a potion of heal wounds for 75 gold pieces
  8152 | D:7      | Bought a potion of cancellation for 120 gold pieces
  8232 | D:7      | Found a blossoming altar of Fedhas.
  8304 | D:6      | HP: 12/51 [orc warrior (12)]
  8537 | D:7      | Reached skill level 9 in Hexes
  8806 | D:7      | Reached skill level 4 in Fighting
  9124 | D:8      | Noticed a two-headed ogre
  9326 | D:8      | Killed a two-headed ogre
  9326 | D:8      | Reached skill level 5 in Fighting
  9326 | D:8      | Reached skill level 10 in Hexes
  9326 | D:8      | Reached XP level 10. HP: 60/60 MP: 13/13
  9488 | D:8      | Reached skill level 6 in Fighting
  9551 | D:8      | Found a staircase to the Lair.
  9620 | D:8      | Reached ** piety under Wu Jian
  9819 | D:8      | Reached skill level 11 in Hexes
  9999 | D:8      | Reached skill level 1 in Ice Magic
 10011 | D:8      | Reached skill level 7 in Fighting
 10145 | D:8      | Reached skill level 2 in Ice Magic
 10709 | D:7      | HP: 18/63 [poisoned by a killer bee]
 10720 | D:7      | HP: 14/63 [killer bee (6)]
 10725 | D:7      | HP: 12/63 [poisoned by a killer bee]
 10731 | D:7      | HP: 11/63 [poisoned by a killer bee]
 10739 | D:7      | HP: 11/63 [poisoned by a killer bee]
 11095 | Lair:1   | Entered Level 1 of the Lair of Beasts
 11141 | Lair:1   | Reached skill level 3 in Ice Magic
 11354 | Lair:1   | Noticed an oklob plant
 11354 | Lair:1   | Noticed an oklob plant
 11585 | Lair:2   | Reached skill level 8 in Fighting
 11641 | Lair:2   | Noticed Urug
 11646 | Lair:2   | Killed Urug
 11646 | Lair:2   | Reached skill level 4 in Ice Magic
 11646 | Lair:2   | Reached XP level 11. HP: 69/69 MP: 11/14
 11798 | Lair:2   | Found a staircase to the Snake Pit.
 11842 | Lair:2   | Reached skill level 5 in Ice Magic
 11886 | Lair:2   | Reached skill level 9 in Fighting
 11886 | Lair:2   | Reached skill level 3 in Dodging
 11945 | Lair:2   | Reached skill level 3 in Spellcasting
 12072 | Lair:2   | Reached skill level 4 in Dodging
 12494 | Lair:3   | Noticed a merfolk siren
 12498 | Lair:3   | Found a staircase to the Shoals.
 12498 | Lair:3   | Noticed a merfolk siren
 12498 | Lair:3   | Noticed a merfolk siren
 12510 | Lair:3   | Killed a merfolk siren
 12510 | Lair:3   | Reached *** piety under Wu Jian
 12510 | Lair:3   | Reached skill level 4 in Spellcasting
 12543 | Lair:3   | Reached skill level 5 in Dodging
 12791 | Lair:3   | Killed a merfolk siren
 12800 | Lair:3   | Killed a merfolk siren
 12890 | Lair:3   | Reached skill level 10 in Fighting
 12902 | Lair:3   | Noticed an elephant
 12928 | Lair:3   | Killed an elephant
 12928 | Lair:3   | Reached skill level 6 in Dodging
 12928 | Lair:3   | Reached skill level 5 in Spellcasting
 13066 | Lair:3   | Reached XP level 12. HP: 77/77 MP: 19/19
 13131 | Lair:3   | Noticed a death yak
 13132 | Lair:3   | Noticed a four-headed hydra
 13140 | Lair:3   | HP: 19/77 [four-headed hydra (5)]
 13490 | Lair:3   | Got a steaming trident {flame}
 13491 | Lair:3   | Identified the +7 trident of the Ancient Tales {flame, *Contam rElec rPois Str+4} (You took it off a spriggan on level 3 of the Lair of Beasts)
 13647 | Lair:3   | Killed a four-headed hydra
 13660 | Lair:3   | Reached skill level 7 in Dodging
 14228 | Lair:3   | Reached skill level 6 in Spellcasting
 14324 | Lair:1   | Learned a level 3 spell: Dazzling Spray
 14372 | D:7      | Bought a potion of heal wounds for 75 gold pieces
 14372 | D:7      | Bought a potion of heal wounds for 75 gold pieces
 14372 | D:7      | Bought a potion of cancellation for 120 gold pieces
 14995 | Lair:4   | Noticed Nessos
 15005 | Lair:4   | Reached skill level 11 in Fighting
 15005 | Lair:4   | Reached skill level 8 in Dodging
 15021 | Lair:4   | HP: 17/80 [Nessos/arrow (15)]
 15305 | Lair:4   | Killed Nessos
 15305 | Lair:4   | Reached skill level 7 in Spellcasting
 15732 | Lair:3   | Reached skill level 9 in Dodging
 15734 | Lair:3   | Reached **** piety under Wu Jian
 15858 | Lair:4   | Got a smoking cloak
 15869 | Lair:4   | Identified the +1 cloak of the Storm King {Regen+ Dex+2} (You found it on level 4 of the Lair of Beasts)
 16162 | Lair:5   | Reached XP level 13. HP: 85/85 MP: 24/24
 16885 | Lair:2   | Noticed a seven-headed hydra
 17072 | Lair:1   | HP: 20/85 [acid (17)]
 17422 | Lair:6   | Entered Level 6 of the Lair of Beasts
 17427 | Lair:6   | Reached skill level 8 in Spellcasting
 17451 | Lair:6   | Reached skill level 12 in Fighting
 17500 | Lair:6   | Noticed Kirke
 17526 | Lair:6   | HP: 21/86 [Kirke (16)]
 17538 | Lair:6   | HP: 19/86 [harpy[Kirke] (9)]
 17698 | D:9      | Noticed Gastronok
 17714 | D:9      | Killed Gastronok
 17714 | D:9      | Reached skill level 1 in Armour
 17714 | D:9      | Reached skill level 10 in Dodging
 17828 | D:9      | Reached skill level 2 in Armour
 18102 | D:9      | Learned a level 1 spell: Apportation
 18140 | D:9      | Noticed Grum
 18156 | D:9      | Killed Grum
 18298 | D:10     | Entered Level 10 of the Dungeon
 18383 | D:10     | Noticed Snorg
 18465 | D:10     | Killed Snorg
 18680 | D:10     | Reached ***** piety under Wu Jian
 18767 | D:10     | Reached skill level 3 in Armour
 19026 | D:10     | Found an iron altar of Okawaru.
 19086 | D:10     | Reached skill level 11 in Dodging
 19387 | D:11     | Found a runed door.
 19547 | D:11     | Noticed a yaktaur captain
 19574 | D:11     | HP: 4/87 [yaktaur captain/uncursed translucent short sword {venom} (23)]
 19575 | D:11     | HP: 1/87 [poisoned by a yaktaur captain]
 19575 | D:11     | Shot with a bolt by a yaktaur captain

Vault maps used:
D:1:      tarquinn_simple_flora_water_a, nrook_mini_vaults
D:2:      eat_drink_and_be_merry_uskayaw, minivault_24
D:4:      first_bread, corexii_item_surrounded_by_moat,
          grunt_decor_mini_mirrors, nemelex_altar_shiori
D:5:      minitemple, temple_green, serial_corexii_hall, corexii_hall_statues_t,
          corexii_hall_statues_s, corexii_hall_statues_l, ashenzari_altar_1,
          uniq_menkaure
D:6:      dk_vineyard_2, yredelemnul_altar_generic, uniq_sigmund
D:7:      serial_shops, shop, fedhas_altar_3, uniq_prince_ribbit1
D:8:      due_lair_maze_entry_diamond
D:9:      uniq_grum, uniq_gastronok
D:10:     hangedman_pestilent_swarm, lemuel_centaur_altar, uniq_snorg
D:11:     cheibrodos_breeding_chamber, minmay_st_funbox, grunt_tough_drop
Temple:   dpeg_five_rooms_temple
Lair:1:   grunt_megastairs_4, minmay_lair_oklob_chamber, serial_bayou_shore_b
Lair:2:   minmay_snake_entry_spellcaster, uniq_urug
Lair:3:   wad_woods_tower, elwin_shoals_entry_stream,
          grunt_forest_large_clearing_hut
Lair:4:   beast_lair_carwin_4, uniq_nessos
Lair:6:   minmay_lair_end_frog_pond, dpeg_slime_entry_corner, uniq_kirke,
          uniq_rupert

Skill      XL: |  1  2  3  4  5  6  7  8  9 10 11 12 13 |
---------------+----------------------------------------+-----
Short Blades   | 2 3 4 5 6 7 8 10 | 10.0
Hexes          | 4 5 7 10 11 | 11.0
Fighting       | 1 5 8 10 11 12 | 12.8
Ice Magic      | 4 5 |  5.0
Dodging        | 6 9 11 | 11.1
Spellcasting   | 5 7 8 |  8.2
Armour         | 3 |  3.5
Stealth        | |  4.0

Action                   |  1- 3 |  4- 6 |  7- 9 | 10-12 | 13-15 || total
-------------------------+-------+-------+-------+-------+-------++-------
Melee: Dagger            |   123 |   127 |   274 |   175 |   217 ||   916
       Hand crossbow     |       |       |       |     1 |       ||     1
       Rapier            |       |       |       |   129 |    15 ||   144
 Fire: Hand crossbow     |       |       |       |    13 |       ||    13
Throw: Stone             |       |     4 |       |       |       ||     4
 Cast: Corona            |    26 |     4 |     6 |       |       ||    36
       Ensorcelled Hiber |     8 |    35 |    74 |   122 |    84 ||   323
       Confuse           |       |     3 |    15 |    47 |    29 ||    94
       Tukima's Dance    |       |       |     4 |       |       ||     4
Evoke: Wand              |       |       |       |       |     1 ||     1
  Use: Scroll            |     7 |     5 |     3 |    11 |     6 ||    32
       Potion            |       |       |       |     3 |     5 ||     8
 Stab: Sleeping          |     8 |    23 |    42 |    92 |    70 ||   235
       Confused          |       |       |     6 |    15 |    12 ||    33
       Distracted        |       |       |     1 |     3 |     1 ||     5
       Invisible         |       |       |       |       |     3 ||     3
  Eat: Chunk             |    12 |    11 |    24 |    28 |    15 ||    90
Armor: Robe              |    30 |    16 |    48 |    34 |    22 ||   150
Dodge: Dodged            |   133 |    76 |   136 |   183 |   240 ||   768

Table legend:
 A = Turns spent in this place as a percentage of turns spent in the entire game.
 B = Non-inter-level travel turns spent in this place as a percentage of non-inter-level travel turns spent in the entire game.
 C = Inter-level travel turns spent in this place as a percentage of turns spent in this place.
 D = Turns resting spent in this place as a percentage of non-inter-level travel turns spent in this place.
 E = Turns spent auto-exploring this place as a percentage of non-inter-level travel turns spent in this place.
 F = Non-inter-level travel turns spent in this place divided by the number of levels of this place that you've seen.
                   A       B       C       D       E      F
               +-------+-------+-------+-------+-------+----------------------
         Total | 100.0 | 100.0 |   0.7 |   3.9 |   4.4 | 371.6
       Dungeon |  67.3 |  67.4 |   0.6 |   4.4 |   4.4 | 409.6
        Temple |   0.5 |   0.5 |   2.9 |   0.0 |  17.6 |  34.0
          Lair |  32.2 |  32.1 |   1.0 |   2.8 |   4.2 | 358.2
               +-------+-------+-------+-------+-------+----------------------

Vault maps used:
D:1:      tarquinn_simple_flora_water_a, nrook_mini_vaults
D:2:      eat_drink_and_be_merry_uskayaw, minivault_24
D:4:      first_bread, corexii_item_surrounded_by_moat,
          grunt_decor_mini_mirrors, nemelex_altar_shiori
D:5:      minitemple, temple_green, serial_corexii_hall, corexii_hall_statues_t,
          corexii_hall_statues_s, corexii_hall_statues_l, ashenzari_altar_1,
          uniq_menkaure
D:6:      dk_vineyard_2, yredelemnul_altar_generic, uniq_sigmund
D:7:      serial_shops, shop, fedhas_altar_3, uniq_prince_ribbit1
D:8:      due_lair_maze_entry_diamond
D:9:      uniq_grum, uniq_gastronok
D:10:     hangedman_pestilent_swarm, lemuel_centaur_altar, uniq_snorg
D:11:     cheibrodos_breeding_chamber, minmay_st_funbox, grunt_tough_drop
Temple:   dpeg_five_rooms_temple
Lair:1:   grunt_megastairs_4, minmay_lair_oklob_chamber, serial_bayou_shore_b
Lair:2:   minmay_snake_entry_spellcaster, uniq_urug
Lair:3:   wad_woods_tower, elwin_shoals_entry_stream,
          grunt_forest_large_clearing_hut
Lair:4:   beast_lair_carwin_4, uniq_nessos
Lair:6:   minmay_lair_end_frog_pond, dpeg_slime_entry_corner, uniq_kirke,
          uniq_rupert
